 Dungeon Crawl Stone Soup version 0.28.0-45-g0d030f2227 (webtiles) character file.

Game seed: 18355378253731962321

93 acdeimund the Firebug (level 4, 0/32 HPs)
             Began as a Human Fire Elementalist on Apr 7, 2022.
             Killed from afar by Natasha (8 damage)
             ... with a magic dart
             ... on level 1 of the Dungeon.
             The game lasted 00:11:01 (1949 turns).

acdeimund the Firebug (Human Fire Elementalist)     Turns: 1949, Time: 00:11:02

Health: 0/32       AC:  2    Str:  8    XL:     4   Next: 92%
Magic:  3/8        EV: 12    Int: 18    God:
Gold:   39         SH:  0    Dex: 13    Spells: 2/8 levels left

rFire   . . .      SeeInvis .   c - +0 dagger
rCold   . . .      Faith    .   (no shield)
rNeg    . . .      Spirit   .   a - +0 robe
rPois   .          Reflect  .   (no helmet)
rElec   .          Harm     .   (no cloak)
rCorr   .          Rampage  .   (no gloves)
Will    .....                   (no boots)
Stlth   ++........              (no amulet)
HPRegen 0.10/turn               (no ring)
MPRegen 0.11/turn               (no ring)

@: brilliant, slowed, very slow
A: no striking features
a: no special abilities


You were on level 1 of the Dungeon.
You visited 1 branch of the dungeon, and saw 2 of its levels.

You collected 39 gold pieces.

Inventory:

Hand Weapons
 c - a +0 dagger (weapon)
Missiles
 f - 2 curare-tipped darts
Armour
 a - a +0 robe (worn)
Jewellery
 j - a ring of protection from cold
Scrolls
 d - 2 scrolls of identify {unknown}
 e - a scroll of teleportation {unknown}
 h - a scroll of brand weapon {unknown}
Potions
 b - 2 potions of brilliance
 i - a potion of might {unknown}
 k - a potion of mutation {unknown}


   Skills:
 + Level 1.0 Fighting
 + Level 2.4 Dodging
 + Level 2.4 Stealth
 * Level 2.7 Spellcasting
 * Level 2.0 Conjurations
 * Level 3.6 Fire Magic


You had 2 spell levels left.
You knew the following spells:

 Your Spells              Type           Power      Damage    Failure   Level
a - Foxfire               Conj/Fire      76%        2x1d7     5%          1
b - Scorch                Fire           46%        2d7       6%          2
c - Conjure Flame         Conj/Fire      19%        6-21      16%         3

Your spell library contained the following spells:

 Spells                   Type           Power      Damage    Failure   Level
 Inner Flame              Hex/Fire       13%        N/A       24%         3
 Flame Wave               Conj/Fire      19%        2d6       45%         4


Dungeon Overview and Level Annotations

Branches:
Dungeon (2/15)

Altars:

Annotations:
D:1 Natasha


Message History

Natasha mumbles some strange words.
Natasha shimmers violently.
Natasha claws you!
Casting: Scorch (safe; 6% risk of failure)
Confirm with . or Enter, or press ? or * to list all spells.
You feel a surge of power!
Flames lash the crimson imp.
The crimson imp completely resists.
Natasha casts a spell.
Casting: Scorch (safe; 6% risk of failure)
Confirm with . or Enter, or press ? or * to list all spells.
You feel a surge of power!
Flames lash the shadow imp.
The shadow imp is severely wounded.
The shadow imp's fire resistance burns away.
Natasha mumbles some strange words.
You feel troubled. Natasha casts a spell at you.
You feel yourself slow down. The shadow imp completely misses you.
Casting: Scorch (safe; 6% risk of failure)
Confirm with . or Enter, or press ? or * to list all spells.
You don't know that spell.
The crimson imp misses you.
Casting: Scorch (safe; 6% risk of failure)
Confirm with . or Enter, or press ? or * to list all spells.
You feel a surge of power!
Flames lash the crimson imp.
The crimson imp completely resists.
Natasha claws you! The shadow imp hits you. The crimson imp closely misses you.
Natasha casts a spell at you.
You feel as though you will be slow longer.
The shadow imp hits you.
* * * LOW HITPOINT WARNING * * *
Casting: Scorch (safe; 6% risk of failure)
Confirm with . or Enter, or press ? or * to list all spells.
You feel a surge of power!
Flames lash the shadow imp.
The shadow imp is burned terribly!
You kill the shadow imp!
The shadow imp disappears in a puff of smoke!
The crimson imp blinks!
Natasha casts a spell at you. The magic dart hits you!
You die...

#.#.#.# #...##...>..#
#.#.#.###.).##......####
#.#.#...................
#.#.####..#.#...[...####
#.#.........#..##'#.....
#......#.......##.#.####
######.........##.#.# #
####.....§h§...5.....#+## #
#.##......@)............###
#.##......#>..............(
#.##......#.......##....##.
#.##.....##.......##....##.
#.##.....##.......##....##.
#.##..............##....##.
#.....#.###.......##....##.
#.........#####.####....##+
#.#####.#.# #.######.....


You could see Natasha and a crimson imp (summoned).

Vanquished Creatures
  Natasha (D:1)
  3 gnolls
  An adder (D:2)
  2 worms (D:2)
  A dart slug (D:2)
  An orc (D:1)
  2 bats
  An endoplasm (D:1)
  A giant cockroach (D:2)
  A goblin (D:1)
  3 hobgoblins
  A quokka (D:1)
  A frilled lizard (D:2)
  3 kobolds
  3 rats (D:1)
25 creatures vanquished.

Vanquished Creatures (others)
  79 foxfires
79 creatures vanquished.

Grand Total: 104 creatures vanquished

Notes
Turn   | Place    | Note
-------+----------+-------------------------------------------
     0 | D:1      | acdeimund the Human Fire Elementalist began the quest for
                  | the Orb.
     0 | D:1      | Reached XP level 1. HP: 13/13 MP: 3/3
   405 | D:1      | Reached XP level 2. HP: 19/19 MP: 3/5
   572 | D:1      | Learned a level 2 spell: Scorch
   933 | D:2      | Reached XP level 3. HP: 14/25 MP: 2/6
  1070 | D:2      | Learned a level 3 spell: Conjure Flame
  1514 | D:2      | Reached XP level 4. HP: 31/31 MP: 4/7
  1554 | D:2      | Noticed Natasha
  1782 | D:1      | Killed Natasha
  1783 | D:1      | Reached skill level 1 in Fighting
  1939 | D:1      | Noticed Natasha
  1949 | D:1      | Killed from afar by Natasha

Illustrated notes

Levels and vault maps discovered:
D:1:      minmay_arrival_arboretum_large, layout_basic, glass_columns_c
D:2:      layout_loops_ring, uniq_natasha, uniq_robin

Skill      XL: |  1  2  3  4 |
---------------+-------------+-----
Fighting       | 1 |  1.0
Conjurations   | 2 |  2.0
Dodging        | |  2.4
Stealth        | |  2.4
Spellcasting   | |  2.7
Fire Magic     | |  3.6

Action                   |  1- 3 |  4- 6 || total
-------------------------+-------+-------++-------
Melee: Dagger            |    13 |     1 ||    14
 Cast: Foxfire           |    35 |    13 ||    48
       Scorch            |       |     8 ||     8
  Use: Potion            |       |     2 ||     2
 Stab: Sleeping          |     2 |       ||     2
Armor: Robe              |     1 |     2 ||     3
Dodge: Dodged            |    10 |    11 ||    21
